 Dungeon Crawl Stone Soup version 0.28.0-53-g5a82cb258f (webtiles) character file.

Game seed: 15339615981269630824

4554 Infinimo the Slicer (level 10, -3/64 HPs)
             Began as a Kobold Berserker on June 12, 2022.
             Was a Priest of Trog.
             Splashed by a brown ugly thing's acid (6 damage)
             ... on level 8 of the Dungeon.
             The game lasted 00:11:34 (8863 turns).

Infinimo the Slicer (Kobold Berserker)              Turns: 8863, Time: 00:11:34

Health: -3/64      AC:  3    Str: 14    XL:     10   Next: 67%
Magic:  10/10      EV: 19    Int:  9    God:    Trog [***...]
Gold:   482        SH:  5    Dex: 19    Spells: 9/9 levels left

rFire   . . .      SeeInvis .   a - +0 short sword
rCold   . . .      Faith    .   B - +0 buckler
rNeg    . . .      Spirit   .   r - +2 robe {Will+}
rPois   .          Reflect  .   x - +0 helmet
rElec   .          Harm     .   w - +0 cloak
rCorr   .          Rampage  .   s - +0 pair of gloves
Will    +....                   (no boots)
Stlth   ++++++....              (no amulet)
HPRegen 0.20/turn               (no ring)
MPRegen 0.12/turn               (no ring)

@: about to teleport, corroded, on berserk cooldown, slowed, studying Stealth,
very slow
A: small, no large weapons, nightstalker 3
a: Renounce Religion, Berserk, Trog's Hand


You were on level 8 of the Dungeon.
You worshipped Trog.
Trog was most pleased with you.
You visited 1 branch of the dungeon, and saw 8 of its levels.

You collected 482 gold pieces.

Inventory:

Hand Weapons
 a - a +0 short sword (weapon)
Missiles
 l - 13 poisoned darts (quivered)
Armour
 r - a +2 robe of willpower (worn)
 s - a +0 pair of gloves (worn)
 w - a +0 cloak (worn)
 x - a +0 helmet (worn)
 B - a +0 buckler (worn)
Jewellery
 e - a ring of positive energy
 h - a ring of willpower
 q - a ring of fire
Wands
 n - a wand of mindburst (11)
 o - a wand of flame (21)
 y - a wand of paralysis (3)
Scrolls
 b - a scroll of vulnerability {unknown}
 c - 2 scrolls of torment {unknown}
 d - 3 scrolls of identify
 g - 4 scrolls of teleportation
 i - 4 scrolls of fear {unknown}
 m - 3 scrolls of silence {unknown}
 p - a scroll of enchant armour {unknown}
 t - a scroll of immolation {unknown}
 v - a scroll of enchant weapon {unknown}
 z - 2 scrolls of blinking
Potions
 f - a potion of cancellation
 j - 2 potions of flight
 k - a potion of mutation
 u - a potion of haste
 A - a potion of magic {unknown}


   Skills:
 + Level 8.0 Fighting
 * Level 12.8 Short Blades
 - Level 1.5 Armour
 + Level 8.4 Dodging
 + Level 11.7 Stealth
 + Level 1.2 Shields


You had 9 spell levels left.
You didn't know any spells.
Your spell library was empty.

Dungeon Overview and Level Annotations

Branches:
Dungeon (8/15)             Temple (0/1) D:7
   Lair: D:8-11

Altars:
Gozag
Hepliaklqana
Kikubaaqudgha
Trog
Wu Jian
Xom


Innate Abilities, Weirdness & Mutations

You are small and have problems with some larger weapons.
You are completely attuned to the shadows.


Message History

The yak gores you but does no damage.
Things that are here:
a yak corpse; a yak corpse You puncture the yak!
The yak is moderately wounded.
You hit the yak.
The yak is moderately wounded.
You block the yak's attack.
You closely miss the yak.
The yak is moderately wounded.
You hit the yak but do no damage.
The yak is moderately wounded.
You hit the yak but do no damage.
The yak is moderately wounded.
The yak gores you.
You puncture the yak!
The yak is almost dead.
You are no longer berserk.
You are exhausted.
You feel yourself slow down.
You hit the yak.
The yak is almost dead.
The yak gores you.
You hit the yak.
You kill the yak!
Trog accepts your kill.
You hit the yak.
The yak is lightly wounded.
The yak misses you. The yak gores you! The yak gores you.
You block the yak's attack. The brown ugly thing bites you.
You are splashed with acid!
The yak gores you!
* * * LOW HITPOINT WARNING * * *
You block the brown ugly thing's attack.
As you read the scroll of teleportation, it crumbles to dust.
You feel strangely unstable. The brown ugly thing bites you!
* * * LOW HITPOINT WARNING * * *
The acid corrodes you!
You are splashed with acid.
You die...

#.....#
###...####.
...........
####.######
#.# #.# #.#
#[# #@# #u#
#Y####
#Y....
##..###
##...##
#####.....#
.....#...##
####.....#


You could see a brown ugly thing and 2 yaks.

Vanquished Creatures
  A kobold demonologist (D:5)
  A wraith (D:5)
  A shadow (D:5)
  3 yaks (D:8)
  2 steam dragons
  2 water moccasins
  An ice beast (D:7)
  A black bear (D:7)
  5 necrophages
  A sky beast (D:7)
  2 ogres
  2 centaurs (D:5)
  2 phantoms (D:5)
  The ghost of Atelerd the Digger, an amateur OpEE (D:3)
  Blork the orc (D:4)
  2 wyvern zombies
  3 scorpions
  2 wyvern skeletons
  7 killer bees
  An electric eel (D:7)
  4 hounds
  6 jellies
  A centaur skeleton (D:5)
  3 gnoll shamans
  2 bullfrog skeletons
  2 orc priests
  An iguana (D:5)
  Terence (D:2)
  4 orc wizards
  A killer bee zombie (D:8)
  A hound zombie (D:5)
  A howler monkey zombie (D:8)
  13 gnolls
  A howler monkey skeleton (D:7)
  7 adders
  2 white imps
  An adder skeleton (D:4)
  2 worms
  4 dart slugs
  16 orcs
  5 endoplasms
  3 giant cockroaches
  6 goblins
  6 hobgoblins
  4 jackals (D:3)
  3 quokkas
  6 ball pythons
  4 bats
  4 frilled lizards
  8 kobolds
  4 rats
167 creatures vanquished.

Notes
Turn   | Place    | Note
-------+----------+-------------------------------------------
     0 | D:1      | Infinimo the Kobold Berserker began the quest for the Orb.
     0 | D:1      | Reached XP level 1. HP: 14/14 MP: 1/1
   198 | D:1      | Reached XP level 2. HP: 19/19 MP: 2/2
   569 | D:1      | Reached XP level 3. HP: 23/23 MP: 3/3
  1326 | D:2      | Reached skill level 5 in Short Blades
  1440 | D:2      | Reached ** piety under Trog
  1515 | D:2      | Reached XP level 4. HP: 10/29 MP: 4/4
  1929 | D:2      | Reached skill level 1 in Stealth
  2000 | D:2      | Noticed Terence
  2007 | D:2      | Killed Terence
  2359 | D:3      | Found a transporter.
  2365 | D:3      | Noticed Atelerd's ghost (amateur OpEE)
  2398 | D:3      | Found a bloodstained altar of Trog.
  2518 | D:3      | Found a transporter.
  2534 | D:3      | Reached XP level 5. HP: 33/33 MP: 5/5
  3164 | D:3      | Found a hazy altar of Hepliaklqana.
  3167 | D:3      | Found a shimmering altar of Xom.
  3168 | D:3      | Found an ornate altar of the Wu Jian Council.
  3495 | D:3      | Killed Atelerd's ghost
  3496 | D:3      | Reached skill level 6 in Short Blades
  3496 | D:3      | Reached XP level 6. HP: 39/39 MP: 6/6
  3707 | D:4      | Noticed Blork the orc
  3713 | D:4      | Killed Blork the orc
  4018 | D:4      | Reached skill level 7 in Short Blades
  4018 | D:4      | Reached XP level 7. HP: 44/44 MP: 7/7
  4454 | D:5      | Entered Level 5 of the Dungeon
  4527 | D:5      | Reached skill level 5 in Fighting
  4641 | D:5      | Reached skill level 5 in Dodging
  4649 | D:5      | Reached skill level 8 in Short Blades
  4649 | D:5      | Reached XP level 8. HP: 49/49 MP: 8/8
  4730 | D:5      | Reached skill level 5 in Stealth
  5140 | D:5      | Reached skill level 9 in Short Blades
  5343 | D:5      | Found a transporter.
  5390 | D:5      | Found an opulent altar of Gozag.
  5390 | D:5      | Found an ancient bone altar of Kikubaaqudgha.
  5392 | D:5      | Noticed a kobold demonologist
  5453 | D:5      | Noticed a shadow
  5456 | D:5      | Noticed a wraith
  5469 | D:5      | Found a transporter.
  5573 | D:5      | Killed a kobold demonologist
  5574 | D:5      | Reached skill level 10 in Short Blades
  5574 | D:5      | Reached XP level 9. HP: 55/55 MP: 9/9
  6593 | D:6      | Reached skill level 11 in Short Blades
  7338 | D:6      | Reached XP level 10. HP: 63/63 MP: 10/10
  7405 | D:7      | Reached skill level 10 in Stealth
  7945 | D:7      | Reached skill level 12 in Short Blades
  7954 | D:7      | Reached *** piety under Trog
  8068 | D:7      | Found a sand-covered staircase.
  8159 | D:7      | Found a staircase to the Ecumenical Temple.
  8830 | D:8      | Reached skill level 1 in Shields
  8831 | D:8      | Noticed a brown ugly thing
  8863 | D:8      | HP: 3/64 [brown ugly thing (11)]
  8863 | D:8      | Splashed by a brown ugly thing's acid

Illustrated notes

Levels and vault maps discovered:
D:1:      dpeg_arrival_erosion, layout_basic, grunt_decor_one_mirror,
          wander_ebering_terrifying_dragon_lair
D:2:      layout_loops_cross, uniq_terence
D:3:      layout_basic, minitemple, lemuel_round_altar, gammafunk_ghost_arena
D:4:      layout_loops_ring, uniq_blork_the_orc
D:5:      layout_basic, gammafunk_temple_overflow_arena, minmay_manual_mares
D:6:      layout_basic, kennysheep_small_square
D:7:      layout_rooms, minmay_temple_entry_butterflies, enter_ossuary_2,
          kennysheep_cross_room, corexii_item_surrounded_by_moat,
          minmay_misc_feat_cross
D:8:      layout_loops_corners, uniq_psyche

Skill      XL: |  1  2  3  4  5  6  7  8  9 10 |
---------------+-------------------------------+-----
Dodging        | 3 4 5 6 7 8 |  8.4
Short Blades   | 5 6 7 8 10 11 12 | 12.8
Stealth        | 1 2 3 4 7 9 11 | 11.7
Fighting       | 4 5 6 7 8 |  8.0
Shields        | 1 |  1.2
Armour         | |  1.5

Action                   |  1- 3 |  4- 6 |  7- 9 | 10-12 || total
-------------------------+-------+-------+-------+-------++-------
Melee: Short sword       |    69 |   119 |   277 |   175 ||   640
       Punch             |       |       |     4 |       ||     4
Invok: Berserk           |     2 |     7 |    13 |     6 ||    28
  Use: Scroll            |       |       |     9 |     1 ||    10
       Potion            |       |       |     2 |       ||     2
 Stab: Sleeping          |    17 |    12 |    16 |    16 ||    61
       Distracted        |       |       |     1 |       ||     1
Armor: Animal skin       |     6 |     3 |       |       ||     9
       Robe              |       |       |    31 |    16 ||    47
Dodge: Dodged            |    27 |    91 |   188 |    67 ||   373
Block: Buckler           |       |       |       |     7 ||     7
